 Dungeon Crawl Stone Soup version 0.27-a0-887-gcab673c (webtiles) character file.

Game seed: 10735293891112404305

151 Nithhogg the Slasher (level 5, -2/43 HPs)
             Began as a Barachi Fighter on Apr 3, 2021.
             Slain by an orc
             ... wielding a +2 dagger of venom
              (5 damage)
             ... on level 3 of the Dungeon.
             The game lasted 00:04:29 (2430 turns).

Nithhogg the Slasher (Barachi Fighter)              Turns: 2430, Time: 00:04:30

Health: -2/43      AC:  4    Str: 19    XL:     5   Next: 33%
Magic:  5/5        EV: 12    Int:  8    God:
Gold:   120        SH:  0    Dex: 11    Spells: 4/4 levels left

rFire    . . .     SeeInvis .   h - +1 dagger (drain)
rCold    . . .     Faith    .   (no shield)
rNeg     . . .     Spirit   .   n - +1 leather armour {Will+}
rPois    .         Reflect  .   (no helmet)
rElec    .         Harm     .   (no cloak)
rCorr    .         Rampage  .   (no gloves)
Will     +....                  (no boots)
Stlth    +.........             (no amulet)
HPRegen  0.14/turn              (no ring)
MPRegen  0.09/turn              (no ring)

@: mighty, lethally poisoned (-2 -> -18), flying, invisible, slow
A: +LOS, amphibious, slowness 1, strong legs 1
a: Hop


You were on level 3 of the Dungeon.
You visited 1 branch of the dungeon, and saw 3 of its levels.

You collected 120 gold pieces.

Inventory:

Hand Weapons
 a - a +0 long sword
 h - a +1 dagger of draining (weapon)
Missiles
 k - 3 atropa-tipped darts
Armour
 b - a +0 scale mail
 c - a +0 kite shield
 n - a +1 leather armour of willpower (worn)
Jewellery
 m - a +4 ring of evasion
Scrolls
 e - 6 scrolls of identify
 g - 3 scrolls of teleportation
 j - a scroll of amnesia {unknown}
 p - a scroll of enchant armour {unknown}
Potions
 i - a potion of ambrosia
 o - a potion of heal wounds {unknown}


   Skills:
 + Level 4.5 Fighting
 * Level 4.5 Long Blades
 + Level 4.5 Armour
 + Level 2.1 Dodging
 - Level 3.2 Shields


You had 4 spell levels left.
You didn't know any spells.
Your spell library was empty.

Dungeon Overview and Level Annotations

Branches:
Dungeon (3/15)

Altars:


Innate Abilities, Weirdness & Mutations

You can be seen from farther away. (+LOS)
You are amphibious.
You cover ground slowly.
You can hop short distances.


Message History

Pain shoots through your body! The orc hits you but does no damage.
You are more poisoned.
You are too injured to fight recklessly!
You are too injured to fight recklessly!
You are too injured to fight recklessly!
You are too injured to fight recklessly!
You are too injured to fight recklessly!
You are too injured to fight recklessly!
You are too injured to fight recklessly!
You are too injured to fight recklessly!
You are too injured to fight recklessly!
You are too injured to fight recklessly!
You are too injured to fight recklessly!
You are too injured to fight recklessly!
Unknown command.
You are too injured to fight recklessly!
You feel very sick.
You hit the orc priest. You drain the orc priest.
You kill the orc priest!
You feel sick.
Your life force feels restored.
Your Dodging skill increases to level 2!
You barely miss the orc.
You feel sick. The orc barely misses you.
You closely miss the orc.
You feel sick.
The orc hits you with a +2 dagger of venom.
* * * LOW HITPOINT WARNING * * *
You are lethally poisoned!
It was a potion of flight.
You feel very buoyant.
You fly up into the air.
* * * LOW HITPOINT WARNING * * *
You feel very sick. The orc hits you but does no damage.
You are more poisoned.
It was a potion of invisibility.
You fade into invisibility!
* * * LOW HITPOINT WARNING * * *
You feel very sick.
The orc hits you with a +2 dagger of venom.
You die...

,,,,,,,,,,,,,....................
,,,*,,,,,,,*.##.................#
,,,,,,,,,,,,,...................#
,,,***,,*,*,,*,#................#
,,,*,*,,*,#,,*,#..(.............#
,,,*,*,,###..###................#
*,,,,,,,..........####..........#
*,,***,,###..###.## #..........#
*,,,,*,,#..,,#.#@# ############
*,,***,.###..#.#o#
*,,,,,,..........#
**,***,.###..###.########
,,,*,*,,,,#.,,,#........#
,,,*,*..###..###........#
**,,,,..o.o.............#
,,**,*######.#..........# *,**,*
#,#..........#


You could see an orc.

Vanquished Creatures
  A howler monkey (D:2)
  An orc priest (D:3)
  2 adders (D:3)
  2 worms (D:2)
  A dart slug (D:2)
  2 orcs (D:3)
  7 bats
  4 endoplasms
  8 goblins
  3 hobgoblins
  8 jackals
  4 kobolds
  2 quokkas
  A ball python (D:1)
  4 frilled lizards
  3 rats
53 creatures vanquished.

Notes
Turn   | Place    | Note
-------+----------+-------------------------------------------
     0 | D:1      | Nithhogg the Barachi Fighter began the quest for the Orb.
     0 | D:1      | Reached XP level 1. HP: 18/18 MP: 1/1
   194 | D:1      | Found a faded altar of an unknown god.
   198 | D:1      | Reached XP level 2. HP: 25/25 MP: 2/2
   928 | D:2      | Reached skill level 1 in Dodging
   935 | D:2      | Reached XP level 3. HP: 27/30 MP: 3/3
  1151 | D:2      | Reached XP level 4. HP: 37/37 MP: 4/4
  2190 | D:3      | Reached XP level 5. HP: 40/43 MP: 5/5
  2430 | D:3      | Slain by an orc

Illustrated notes

Levels and vault maps discovered:
D:1:      tarquinn_simple_flora_water_e, layout_loops_ring,
          ebering_ecumenical_altar_box
D:2:      layout_loops_ring, minmay_box_of_dots
D:3:      layout_basic, minmay_misc_feat_nine_boxes

Skill      XL: |  1  2  3  4  5 |
---------------+----------------+-----
Long Blades    | 3 4 |  4.5
Dodging        | 1 2 |  2.1
Fighting       | 4 |  4.5
Armour         | 4 |  4.5
Shields        | |  3.2

Action                   |  1- 3 |  4- 6 || total
-------------------------+-------+-------++-------
Melee: Long sword        |    49 |       ||    49
       Dagger            |    31 |   126 ||   157
  Use: Potion            |     2 |     3 ||     5
       Scroll            |       |     2 ||     2
Armor: Scale mail        |    45 |    45 ||    90
       Leather armour    |       |     2 ||     2
Dodge: Dodged            |    57 |    53 ||   110
       Rpst.: Long sword |    11 |       ||    11

Table legend: (Time is in decaauts)
 A = Elapsed time spent in this place.
 B = Non-inter-level travel time spent in this place.
 C = Inter-level travel time spent in this place.
 D = Time resting spent in this place.
 E = Time spent auto-exploring this place.
 F = Levels seen in this place.
 G = Mean time per level.
                   A        B        C        D        E       F      G
               +--------+--------+--------+--------+--------+-----+--------+
         Total |   2725 |   2654 |     71 |      0 |   2184 |   3 |  908.3 |
       Dungeon |   2725 |   2654 |     71 |      0 |   2184 |   3 |  908.3 |
               +--------+--------+--------+--------+--------+-----+--------+

Top non-repeatable levels by time:
     D:1: 1064 daAuts
     D:2: 1057 daAuts
     D:3: 603 daAuts
